Connexion

Stars vs Wild

Created - 7 novembre 2023 at 05:46

Goals
1 2 3 T
Stars 1 1 0 2
Wild 1 2 3 6
Shots
1 2 3 T
Stars 9 12 6 27
Wild 11 11 15 37

GoalsPenalties
1st period
1. Stars , Nicholas Caamano 7 (Gabriel Bourque 12, Hudson Elynuik 14) at 4:50
2. Wild , Tanner Pearson 12 (Anders Bjork 12, Anthony Louis 21) at 18:21
Joseph Cecconi (TEX) for High sticking (Minor) at 1:06
Jeremy Gregoire (IOW) for Hooking (Minor) at 11:41
Hudson Elynuik (TEX) for Tripping (Minor) at 11:41
Scott Walford (IOW) for Cross-checking (Minor) at 14:41
Anders Bjork (IOW) for Roughing (Minor) at 18:35
2nd period
3. Wild , Michael Mersch 8 (Kasper Bjorkqvist 13, Lukas Jasek 14) at 13:58
4. Stars , Ryan Olsen 7 (Kyle Olson 13, Nicolas Beaudin 18) at 16:17
5. Wild , Anthony Louis 15 (Anders Bjork 13, Tanner Pearson 17) at 17:21
No Penalty
3rd period
6. Wild , Anthony Louis 16 (Anders Bjork 14, Tanner Pearson 18) at 0:42
7. Wild , Dillon Simpson 7 (Jeremy Gregoire 17, Ben Gleason 33) at 8:22 (PP)
8. Wild , Jeremy Gregoire 11 (Taylor Raddysh 15, Joseph Gambardella 15) at 17:50 (PP)
Ilya Lyubushkin (TEX) for Hooking (Minor) at 7:22
Ryan Olsen (TEX) for Hooking (Minor) at 11:51
Matteson Iacopelli (TEX) for Tripping (Minor) at 17:36
Goalie Stats
Matthew Villalta (TEX), 31 saves from 37 shots - (0,838), L, 9-12-3, 60:00 minutes
Maxime Lagace (IOW), 25 saves from 27 shots - (0,926), W, 20-7-0, 60:00 minutes
3 StarsOfficial
1 - Anthony Louis (IOW)
2 - Tanner Pearson (IOW)
3 - Anders Bjork (IOW)
Referees : Dennis LaRue and Eric Furlatt
Linesman : Steve Miller and Mike Cvik
Game Note
No Game Note
Finance
Level 1 -- Attendance: 1453 (72,65%) -- Ticket Income 58 120 $
Level 2 -- Attendance: 1000 (100,00%) -- Ticket Income 20 000 $
Total Attendance: 2453 (81,77%)
Total Ticket Income: 78 120 $
Other Income: 15 624 $
Total Income: 93 744 $



Team Name Goals Shots Shots Attemp Shots Blocked PIM HIT PP PK FO%
Stars 22756710150 / 2 (0%)248%
Wild 6377596192 / 4 (50%)052%

Stars
Player Name POS G A P +/- PIM HIT SHT SB MP PP MP PP SHT PK MP PK SHT FO% FOT
Brad MorrisonC000-200007:180:0000:00027% 11
Christoph BertschyC/LW/RW000-1001012:140:0000:3500% 0
Gabriel BourqueLW/RW0111003122:143:1733:1700% 0
Hudson ElynuikC/LW0111233018:323:1701:00056% 25
Ilya LyubushkinD0000213023:391:5022:1400% 0
Joseph CecconiD000-1221121:062:0810:5000% 0
Kyle OlsonC/RW0110012016:190:4100:00050% 2
Kyle PlatzerC/RW000-200007:180:0000:0000% 0
Liam CoughlinC/LW/RW000-200007:180:0000:0000% 0
Macoy ErkampsD000-1004115:180:0002:1300% 0
Mathias NorlinderD0000000023:521:5002:2600% 0
Matteson IacopelliLW/RW0000230016:180:4100:000100% 1
Matthew StromeLW000-1011112:470:0001:080100% 1
Nicholas CaamanoRW1011033022:323:1703:35145% 11
Nicolas BeaudinD011-1001221:522:0802:0800% 0
Patrick McNallyD000-1010114:010:0000:2300% 0
Ryan OlsenC1010203017:520:4110:59053% 19
Ryan RupertC/LW000-1002012:140:0000:00033% 12
Wild
Player Name POS G A P +/- PIM HIT SHT SB MP PP MP PP SHT PK MP PK SHT FO% FOT
Anders BjorkLW/RW0333232022:502:1401:0900% 1
Anthony LouisC/LW2133004022:082:1400:42057% 30
Antti SuomelaC000000101:270:1610:0800% 2
Ben GleasonD0110032325:132:2412:2600% 0
Ben ThomasD0001011221:212:3201:3200% 0
Danick MartelC/LW000000002:520:0000:00067% 3
Dillon SimpsonD1010013225:132:2422:2600% 0
Eemeli RasanenD0001012013:260:1600:0000% 0
Jalen ChatfieldD0001031121:212:3211:3200% 0
Jeremy GregoireC/LW/RW112-2204018:232:4230:000100% 2
Joseph GambardellaC/LW011-2013020:452:4201:47041% 22
Kasper BjorkqvistLW/RW0111002012:130:1600:000100% 1
Lukas JasekC/RW0111002011:390:0000:00064% 11
Michael MerschLW/RW1011015013:240:1601:12050% 2
Ryan KuffnerLW000001002:520:0000:0000% 0
Scott WalfordD0001210013:250:1600:0000% 0
Tanner PearsonLW1233034127:042:1402:58150% 8
Taylor RaddyshRW011-2001018:242:4200:0000% 0



Play-by-Play

1st period


0:01 of 1st period - Anthony Louis wins face-off versus Hudson Elynuik in neutral zone.
1:05 of 1st period - Jeremy Gregoire is hit by Joseph Cecconi and loses puck.
1:06 of 1st period - Minor Penalty to Joseph Cecconi for High sticking.
1:07 of 1st period - Matthew Strome wins face-off versus Joseph Gambardella in Stars zone.
1:33 of 1st period - Shot by Jeremy Gregoire.
1:33 of 1st period - Stopped by Matthew Villalta without a rebound.
1:34 of 1st period - Nicholas Caamano wins face-off versus Anthony Louis in Stars zone.
1:43 of 1st period - Dillon Simpson is hit by Nicholas Caamano and loses puck.
3:00 of 1st period - Hudson Elynuik is hit by Anders Bjork.
3:38 of 1st period - Icing by Kasper Bjorkqvist.
3:39 of 1st period - Ryan Olsen wins face-off versus Michael Mersch in Wild zone.
4:21 of 1st period - Off-side.
4:22 of 1st period - Joseph Gambardella wins face-off versus Ryan Rupert in neutral zone.
4:27 of 1st period - Shot by Taylor Raddysh.
4:27 of 1st period - Stopped by Matthew Villalta without a rebound.
4:28 of 1st period - Hudson Elynuik wins face-off versus Joseph Gambardella in Stars zone.
4:42 of 1st period - Shot by Nicholas Caamano.
4:42 of 1st period - Shot Blocked by Dillon Simpson.
4:44 of 1st period - Shot by Gabriel Bourque.
4:44 of 1st period - Shot Misses the Net.
4:46 of 1st period - Shot by Nicholas Caamano.
4:46 of 1st period - Shot Blocked by Dillon Simpson.
4:48 of 1st period - Shot by Gabriel Bourque.
4:48 of 1st period - Shot Misses the Net.
4:50 of 1st period - Shot by Gabriel Bourque.
4:50 of 1st period - Deflect By Nicholas Caamano.
4:50 of 1st period - Goal by Nicholas Caamano - Stars : 1 - Wild : 0.
4:51 of 1st period - Anthony Louis wins face-off versus Ryan Rupert in neutral zone.
4:51 of 1st period - Ben Thomas is hit by Matthew Strome and loses puck.
5:12 of 1st period - Shot by Ben Thomas.
5:12 of 1st period - Shot Blocked by Matthew Strome.
5:19 of 1st period - Nicolas Beaudin is hit by Ben Thomas and loses puck.
7:14 of 1st period - Shot by Lukas Jasek.
7:14 of 1st period - Shot Misses the Net.
8:19 of 1st period - Shot by Christoph Bertschy.
8:19 of 1st period - Stopped by Maxime Lagace without a rebound.
8:20 of 1st period - Hudson Elynuik wins face-off versus Joseph Gambardella in Wild zone.
8:27 of 1st period - Shot by Hudson Elynuik.
8:27 of 1st period - Stopped by Maxime Lagace without a rebound.
8:28 of 1st period - Ryan Rupert wins face-off versus Joseph Gambardella in Wild zone.
9:00 of 1st period - Shot by Joseph Gambardella.
9:00 of 1st period - Shot Misses the Net.
9:21 of 1st period - Off-side.
9:22 of 1st period - Hudson Elynuik wins face-off versus Anthony Louis in neutral zone.
9:39 of 1st period - Shot by Anthony Louis.
9:39 of 1st period - Shot Misses the Net.
10:50 of 1st period - Kyle Olson is hit by Tanner Pearson and loses puck.
11:26 of 1st period - Matthew Strome is hit by Dillon Simpson and loses puck.
11:37 of 1st period - Shot by Ryan Rupert.
11:37 of 1st period - Stopped by Maxime Lagace without a rebound.
11:38 of 1st period - Joseph Gambardella wins face-off versus Hudson Elynuik in Wild zone.
11:38 of 1st period - Joseph Gambardella is hit by Nicholas Caamano.
11:41 of 1st period - Minor Penalty to Jeremy Gregoire for Hooking.
11:41 of 1st period - Minor Penalty to Hudson Elynuik for Tripping.
11:42 of 1st period - Nicholas Caamano wins face-off versus Antti Suomela in neutral zone.
11:58 of 1st period - Shot by Michael Mersch.
11:58 of 1st period - Stopped by Matthew Villalta without a rebound.
11:59 of 1st period - Tanner Pearson wins face-off versus Nicholas Caamano in Stars zone.
12:23 of 1st period - Shot by Ben Gleason.
12:23 of 1st period - Deflect By Anders Bjork.
12:23 of 1st period - Stopped by Matthew Villalta without a rebound.
12:24 of 1st period - Anthony Louis wins face-off versus Nicholas Caamano in Stars zone.
13:22 of 1st period - Shot by Tanner Pearson.
13:22 of 1st period - Deflect By Anders Bjork.
13:22 of 1st period - Stopped by Matthew Villalta without a rebound.
13:23 of 1st period - Ryan Rupert wins face-off versus Antti Suomela in Stars zone.
13:40 of 1st period - Shot by Ryan Olsen.
13:40 of 1st period - Shot Misses the Net.
13:52 of 1st period - Shot by Jeremy Gregoire.
13:52 of 1st period - Shot Blocked by Macoy Erkamps.
13:54 of 1st period - Shot by Jeremy Gregoire.
13:54 of 1st period - Shot Misses the Net.
14:06 of 1st period - Shot by Joseph Gambardella.
14:06 of 1st period - Stopped by Matthew Villalta without a rebound.
14:07 of 1st period - Lukas Jasek wins face-off versus Kyle Olson in Stars zone.
14:08 of 1st period - Shot by Ben Gleason.
14:08 of 1st period - Stopped by Matthew Villalta without a rebound.
14:09 of 1st period - Lukas Jasek wins face-off versus Ryan Olsen in Stars zone.
14:14 of 1st period - Shot by Kasper Bjorkqvist.
14:14 of 1st period - Stopped by Matthew Villalta without a rebound.
14:15 of 1st period - Ryan Olsen wins face-off versus Danick Martel in Stars zone.
14:15 of 1st period - Ryan Olsen is hit by Ryan Kuffner.
14:40 of 1st period - Kyle Olson is hit by Eemeli Rasanen and loses puck.
14:41 of 1st period - Minor Penalty to Scott Walford for Cross-checking.
14:42 of 1st period - Hudson Elynuik wins face-off versus Tanner Pearson in Wild zone.
14:47 of 1st period - Shot by Joseph Cecconi.
14:47 of 1st period - Stopped by Maxime Lagace without a rebound.
14:48 of 1st period - Tanner Pearson wins face-off versus Hudson Elynuik in Wild zone.
15:24 of 1st period - Anthony Louis is hit by Hudson Elynuik and loses puck.
15:41 of 1st period - Shot by Tanner Pearson.
15:41 of 1st period - Shot Misses the Net.
15:43 of 1st period - Shot by Tanner Pearson.
15:43 of 1st period - Stopped by Matthew Villalta with a rebound.
15:45 of 1st period - Shot by Tanner Pearson.
15:45 of 1st period - Shot Misses the Net.
17:25 of 1st period - Icing by Lukas Jasek.
17:26 of 1st period - Kyle Olson wins face-off versus Lukas Jasek in Wild zone.
17:27 of 1st period - Shot by Mathias Norlinder.
17:27 of 1st period - Shot Misses the Net.
18:15 of 1st period - Off-side.
18:16 of 1st period - Anthony Louis wins face-off versus Brad Morrison in neutral zone.
18:21 of 1st period - Shot by Tanner Pearson.
18:21 of 1st period - Goal by Tanner Pearson - Stars : 1 - Wild : 1.
18:22 of 1st period - Anthony Louis wins face-off versus Brad Morrison in neutral zone.
18:29 of 1st period - Shot by Anthony Louis.
18:29 of 1st period - Stopped by Matthew Villalta with a rebound.
18:34 of 1st period - Kyle Platzer is hit by Anders Bjork and loses puck.
18:35 of 1st period - Minor Penalty to Anders Bjork for Roughing.
18:36 of 1st period - Hudson Elynuik wins face-off versus Joseph Gambardella in Wild zone.
18:37 of 1st period - Shot by Gabriel Bourque.
18:37 of 1st period - Stopped by Maxime Lagace without a rebound.
18:38 of 1st period - Hudson Elynuik wins face-off versus Tanner Pearson in Wild zone.
19:08 of 1st period - Shot by Gabriel Bourque.
19:08 of 1st period - Stopped by Maxime Lagace with a rebound.
19:10 of 1st period - Shot by Gabriel Bourque.
19:10 of 1st period - Stopped by Maxime Lagace without a rebound.
19:11 of 1st period - Tanner Pearson wins face-off versus Ryan Olsen in Wild zone.
19:11 of 1st period - Tanner Pearson is hit by Kyle Olson.
19:33 of 1st period - Shot by Kyle Olson.
19:33 of 1st period - Shot Blocked by Jalen Chatfield.
19:35 of 1st period - Shot by Ryan Olsen.
19:35 of 1st period - Stopped by Maxime Lagace without a rebound.
19:36 of 1st period - Tanner Pearson wins face-off versus Hudson Elynuik in Wild zone.
Goals for this period are 1 for Stars vs 1 for Wild.
Shots for this period are 9 for Stars vs 11 for Wild.

2nd period


0:01 of 2nd period - Hudson Elynuik wins face-off versus Tanner Pearson in neutral zone.
0:04 of 2nd period - Shot by Mathias Norlinder.
0:04 of 2nd period - Shot Misses the Net.
0:16 of 2nd period - Shot by Ilya Lyubushkin.
0:16 of 2nd period - Stopped by Maxime Lagace with a rebound.
0:18 of 2nd period - Shot by Mathias Norlinder.
0:18 of 2nd period - Shot Misses the Net.
0:20 of 2nd period - Shot by Ilya Lyubushkin.
0:20 of 2nd period - Stopped by Maxime Lagace with a rebound.
0:22 of 2nd period - Shot by Ilya Lyubushkin.
0:22 of 2nd period - Shot Blocked by Ben Gleason.
0:34 of 2nd period - Shot by Ilya Lyubushkin.
0:34 of 2nd period - Shot Misses the Net.
0:36 of 2nd period - Shot by Kyle Olson.
0:36 of 2nd period - Shot Misses the Net.
0:38 of 2nd period - Shot by Ryan Olsen.
0:38 of 2nd period - Deflect By Kyle Olson.
0:38 of 2nd period - Shot Misses the Net.
0:54 of 2nd period - Shot by Taylor Raddysh.
0:54 of 2nd period - Shot Misses the Net.
1:09 of 2nd period - Joseph Cecconi is hit by Jalen Chatfield and loses puck.
1:29 of 2nd period - Matthew Strome is hit by Jalen Chatfield and loses puck.
1:39 of 2nd period - Icing by Taylor Raddysh.
1:40 of 2nd period - Hudson Elynuik wins face-off versus Joseph Gambardella in Wild zone.
1:53 of 2nd period - Ben Thomas is hit by Hudson Elynuik and loses puck.
2:36 of 2nd period - Shot by Anders Bjork.
2:36 of 2nd period - Deflect By Anthony Louis.
2:36 of 2nd period - Shot Misses the Net.
3:46 of 2nd period - Kyle Olson is hit by Scott Walford and loses puck.
4:18 of 2nd period - Icing by Ben Thomas.
4:19 of 2nd period - Danick Martel wins face-off versus Hudson Elynuik in Wild zone.
4:52 of 2nd period - Shot by Dillon Simpson.
4:52 of 2nd period - Stopped by Matthew Villalta without a rebound.
4:53 of 2nd period - Joseph Gambardella wins face-off versus Ryan Rupert in Stars zone.
5:12 of 2nd period - Shot by Joseph Gambardella.
5:12 of 2nd period - Stopped by Matthew Villalta without a rebound.
5:13 of 2nd period - Ryan Olsen wins face-off versus Lukas Jasek in Stars zone.
5:46 of 2nd period - Shot by Matteson Iacopelli.
5:46 of 2nd period - Shot Misses the Net.
5:48 of 2nd period - Shot by Kyle Olson.
5:48 of 2nd period - Stopped by Maxime Lagace without a rebound.
5:49 of 2nd period - Jeremy Gregoire wins face-off versus Hudson Elynuik in Wild zone.
5:49 of 2nd period - Taylor Raddysh is hit by Hudson Elynuik and loses puck.
5:54 of 2nd period - Shot by Hudson Elynuik.
5:54 of 2nd period - Stopped by Maxime Lagace without a rebound.
5:55 of 2nd period - Anthony Louis wins face-off versus Hudson Elynuik in Wild zone.
7:04 of 2nd period - Shot by Jalen Chatfield.
7:04 of 2nd period - Shot Misses the Net.
7:23 of 2nd period - Icing by Matteson Iacopelli.
7:24 of 2nd period - Ryan Olsen wins face-off versus Lukas Jasek in Stars zone.
7:24 of 2nd period - Ryan Olsen is hit by Michael Mersch.
7:59 of 2nd period - Shot by Scott Walford.
7:59 of 2nd period - Deflect By Michael Mersch.
7:59 of 2nd period - Stopped by Matthew Villalta without a rebound.
8:00 of 2nd period - Brad Morrison wins face-off versus Anthony Louis in Stars zone.
8:05 of 2nd period - Shot by Kyle Platzer.
8:05 of 2nd period - Shot Misses the Net.
8:07 of 2nd period - Shot by Kyle Platzer.
8:07 of 2nd period - Shot Blocked by Ben Gleason.
8:09 of 2nd period - Shot by Macoy Erkamps.
8:09 of 2nd period - Stopped by Maxime Lagace without a rebound.
8:10 of 2nd period - Ryan Rupert wins face-off versus Joseph Gambardella in Wild zone.
8:40 of 2nd period - Shot by Matthew Strome.
8:40 of 2nd period - Stopped by Maxime Lagace with a rebound.
8:42 of 2nd period - Shot by Ilya Lyubushkin.
8:42 of 2nd period - Stopped by Maxime Lagace without a rebound.
8:43 of 2nd period - Hudson Elynuik wins face-off versus Anthony Louis in Wild zone.
8:55 of 2nd period - Icing by Jalen Chatfield.
8:56 of 2nd period - Anthony Louis wins face-off versus Ryan Olsen in Wild zone.
9:11 of 2nd period - Jalen Chatfield is hit by Matteson Iacopelli and loses puck.
9:18 of 2nd period - Shot by Matteson Iacopelli.
9:18 of 2nd period - Deflect By Kyle Olson.
9:18 of 2nd period - Shot Blocked by Ben Thomas.
9:20 of 2nd period - Shot by Macoy Erkamps.
9:20 of 2nd period - Stopped by Maxime Lagace with a rebound.
9:22 of 2nd period - Shot by Patrick McNally.
9:22 of 2nd period - Shot Blocked by Tanner Pearson.
9:34 of 2nd period - Shot by Kyle Olson.
9:34 of 2nd period - Stopped by Maxime Lagace without a rebound.
9:35 of 2nd period - Hudson Elynuik wins face-off versus Joseph Gambardella in Wild zone.
9:35 of 2nd period - Mathias Norlinder is hit by Ben Gleason.
10:26 of 2nd period - Off-side.
10:27 of 2nd period - Anthony Louis wins face-off versus Ryan Rupert in neutral zone.
11:02 of 2nd period - Shot by Ryan Rupert.
11:02 of 2nd period - Shot Blocked by Ben Thomas.
11:13 of 2nd period - Off-side.
11:14 of 2nd period - Kasper Bjorkqvist wins face-off versus Ryan Olsen in neutral zone.
11:46 of 2nd period - Scott Walford is hit by Matteson Iacopelli and loses puck.
12:04 of 2nd period - Patrick McNally is hit by Ben Gleason and loses puck.
13:23 of 2nd period - Shot by Nicholas Caamano.
13:23 of 2nd period - Stopped by Maxime Lagace with a rebound.
13:45 of 2nd period - Shot by Tanner Pearson.
13:45 of 2nd period - Stopped by Matthew Villalta without a rebound.
13:46 of 2nd period - Lukas Jasek wins face-off versus Ryan Rupert in Stars zone.
13:46 of 2nd period - Lukas Jasek is hit by Joseph Cecconi.
13:54 of 2nd period - Shot by Michael Mersch.
13:54 of 2nd period - Stopped by Matthew Villalta with a rebound.
13:56 of 2nd period - Shot by Kasper Bjorkqvist.
13:56 of 2nd period - Shot Misses the Net.
13:58 of 2nd period - Shot by Michael Mersch.
13:58 of 2nd period - Goal by Michael Mersch - Stars : 1 - Wild : 2.
13:59 of 2nd period - Brad Morrison wins face-off versus Tanner Pearson in neutral zone.
14:17 of 2nd period - Joseph Cecconi is hit by Tanner Pearson and loses puck.
14:59 of 2nd period - Shot by Ryan Rupert.
14:59 of 2nd period - Shot Misses the Net.
15:13 of 2nd period - Shot by Lukas Jasek.
15:13 of 2nd period - Stopped by Matthew Villalta with a rebound.
15:31 of 2nd period - Mathias Norlinder is hit by Jalen Chatfield and loses puck.
16:01 of 2nd period - Icing by Dillon Simpson.
16:02 of 2nd period - Ryan Olsen wins face-off versus Joseph Gambardella in Wild zone.
16:11 of 2nd period - Shot by Nicolas Beaudin.
16:11 of 2nd period - Shot Blocked by Ben Gleason.
16:13 of 2nd period - Shot by Nicolas Beaudin.
16:13 of 2nd period - Shot Misses the Net.
16:15 of 2nd period - Shot by Kyle Olson.
16:15 of 2nd period - Shot Misses the Net.
16:17 of 2nd period - Shot by Ryan Olsen.
16:17 of 2nd period - Goal by Ryan Olsen - Stars : 2 - Wild : 2.
16:18 of 2nd period - Hudson Elynuik wins face-off versus Anthony Louis in neutral zone.
16:29 of 2nd period - Tanner Pearson is hit by Nicholas Caamano and loses puck.
16:46 of 2nd period - Shot by Anthony Louis.
16:46 of 2nd period - Deflect By Tanner Pearson.
16:46 of 2nd period - Stopped by Matthew Villalta without a rebound.
16:47 of 2nd period - Ryan Olsen wins face-off versus Joseph Gambardella in Stars zone.
17:09 of 2nd period - Shot by Joseph Gambardella.
17:09 of 2nd period - Shot Misses the Net.
17:11 of 2nd period - Shot by Jeremy Gregoire.
17:11 of 2nd period - Stopped by Matthew Villalta without a rebound.
17:12 of 2nd period - Anthony Louis wins face-off versus Brad Morrison in Stars zone.
17:13 of 2nd period - Shot by Anders Bjork.
17:13 of 2nd period - Deflect By Anthony Louis.
17:13 of 2nd period - Stopped by Matthew Villalta with a rebound.
17:15 of 2nd period - Shot by Tanner Pearson.
17:15 of 2nd period - Shot Misses the Net.
17:21 of 2nd period - Shot by Anthony Louis.
17:21 of 2nd period - Goal by Anthony Louis - Stars : 2 - Wild : 3.
17:22 of 2nd period - Hudson Elynuik wins face-off versus Anthony Louis in neutral zone.
17:38 of 2nd period - Icing by Ben Gleason.
17:39 of 2nd period - Anthony Louis wins face-off versus Ryan Olsen in Wild zone.
17:44 of 2nd period - Matteson Iacopelli is hit by Tanner Pearson and loses puck.
19:36 of 2nd period - Shot by Ryan Rupert.
19:36 of 2nd period - Shot Misses the Net.
19:42 of 2nd period - Shot by Ryan Rupert.
19:42 of 2nd period - Stopped by Maxime Lagace without a rebound.
19:43 of 2nd period - Joseph Gambardella wins face-off versus Brad Morrison in Wild zone.
19:47 of 2nd period - Taylor Raddysh is hit by Ilya Lyubushkin.
Goals for this period are 1 for Stars vs 2 for Wild.
Shots for this period are 12 for Stars vs 11 for Wild.

3rd period


0:01 of 3rd period - Anthony Louis wins face-off versus Hudson Elynuik in neutral zone.
0:07 of 3rd period - Icing by Mathias Norlinder.
0:08 of 3rd period - Hudson Elynuik wins face-off versus Anders Bjork in Stars zone.
0:12 of 3rd period - Mathias Norlinder is hit by Ben Gleason and loses puck.
0:20 of 3rd period - Icing by Dillon Simpson.
0:21 of 3rd period - Ryan Olsen wins face-off versus Anthony Louis in Wild zone.
0:36 of 3rd period - Shot by Dillon Simpson.
0:36 of 3rd period - Shot Misses the Net.
0:38 of 3rd period - Shot by Tanner Pearson.
0:38 of 3rd period - Deflect By Anthony Louis.
0:38 of 3rd period - Shot Misses the Net.
0:40 of 3rd period - Shot by Anders Bjork.
0:40 of 3rd period - Shot Misses the Net.
0:42 of 3rd period - Shot by Anthony Louis.
0:42 of 3rd period - Goal by Anthony Louis - Stars : 2 - Wild : 4.
0:43 of 3rd period - Jeremy Gregoire wins face-off versus Hudson Elynuik in neutral zone.
1:18 of 3rd period - Off-side.
1:19 of 3rd period - Ryan Olsen wins face-off versus Anthony Louis in neutral zone.
1:24 of 3rd period - Shot by Nicolas Beaudin.
1:24 of 3rd period - Stopped by Maxime Lagace without a rebound.
1:25 of 3rd period - Ryan Olsen wins face-off versus Anthony Louis in Wild zone.
2:05 of 3rd period - Off-side.
2:06 of 3rd period - Joseph Gambardella wins face-off versus Hudson Elynuik in neutral zone.
2:19 of 3rd period - Shot by Joseph Gambardella.
2:19 of 3rd period - Stopped by Matthew Villalta without a rebound.
2:20 of 3rd period - Lukas Jasek wins face-off versus Ryan Rupert in Stars zone.
2:20 of 3rd period - Lukas Jasek is hit by Patrick McNally.
2:24 of 3rd period - Shot by Kasper Bjorkqvist.
2:24 of 3rd period - Shot Misses the Net.
2:26 of 3rd period - Shot by Eemeli Rasanen.
2:26 of 3rd period - Stopped by Matthew Villalta with a rebound.
2:28 of 3rd period - Shot by Lukas Jasek.
2:28 of 3rd period - Deflect By Kasper Bjorkqvist.
2:28 of 3rd period - Shot Misses the Net.
2:30 of 3rd period - Shot by Michael Mersch.
2:30 of 3rd period - Shot Misses the Net.
2:32 of 3rd period - Shot by Lukas Jasek.
2:32 of 3rd period - Stopped by Matthew Villalta with a rebound.
2:56 of 3rd period - Shot by Lukas Jasek.
2:56 of 3rd period - Shot Misses the Net.
2:58 of 3rd period - Shot by Eemeli Rasanen.
2:58 of 3rd period - Stopped by Matthew Villalta with a rebound.
3:22 of 3rd period - Shot by Anders Bjork.
3:22 of 3rd period - Shot Misses the Net.
4:07 of 3rd period - Off-side.
4:08 of 3rd period - Joseph Gambardella wins face-off versus Ryan Olsen in neutral zone.
4:41 of 3rd period - Shot by Kyle Olson.
4:41 of 3rd period - Shot Misses the Net.
5:14 of 3rd period - Shot by Hudson Elynuik.
5:14 of 3rd period - Stopped by Maxime Lagace with a rebound.
5:16 of 3rd period - Shot by Hudson Elynuik.
5:16 of 3rd period - Shot Misses the Net.
5:26 of 3rd period - Shot by Nicholas Caamano.
5:26 of 3rd period - Shot Misses the Net.
7:11 of 3rd period - Shot by Lukas Jasek.
7:11 of 3rd period - Shot Blocked by Nicolas Beaudin.
7:13 of 3rd period - Shot by Lukas Jasek.
7:13 of 3rd period - Deflect By Kasper Bjorkqvist.
7:13 of 3rd period - Shot Misses the Net.
7:15 of 3rd period - Shot by Michael Mersch.
7:15 of 3rd period - Stopped by Matthew Villalta without a rebound.
7:16 of 3rd period - Danick Martel wins face-off versus Hudson Elynuik in Stars zone.
7:22 of 3rd period - Minor Penalty to Ilya Lyubushkin for Hooking.
7:23 of 3rd period - Anthony Louis wins face-off versus Nicholas Caamano in Stars zone.
8:10 of 3rd period - Shot by Antti Suomela.
8:10 of 3rd period - Shot Blocked by Patrick McNally.
8:12 of 3rd period - Shot by Antti Suomela.
8:12 of 3rd period - Stopped by Matthew Villalta without a rebound.
8:13 of 3rd period - Joseph Gambardella wins face-off versus Nicholas Caamano in Stars zone.
8:14 of 3rd period - Shot by Ben Gleason.
8:14 of 3rd period - Shot Blocked by Gabriel Bourque.
8:16 of 3rd period - Shot by Ben Gleason.
8:16 of 3rd period - Shot Misses the Net.
8:18 of 3rd period - Shot by Dillon Simpson.
8:18 of 3rd period - Deflect By Jeremy Gregoire.
8:18 of 3rd period - Shot Misses the Net.
8:20 of 3rd period - Shot by Dillon Simpson.
8:20 of 3rd period - Stopped by Matthew Villalta with a rebound.
8:22 of 3rd period - Shot by Dillon Simpson.
8:22 of 3rd period - Goal by Dillon Simpson - Stars : 2 - Wild : 5.
8:23 of 3rd period - Matteson Iacopelli wins face-off versus Lukas Jasek in neutral zone.
8:54 of 3rd period - Shot by Ryan Olsen.
8:54 of 3rd period - Stopped by Maxime Lagace without a rebound.
8:55 of 3rd period - Ryan Rupert wins face-off versus Anthony Louis in Wild zone.
9:00 of 3rd period - Shot by Ryan Rupert.
9:00 of 3rd period - Shot Misses the Net.
9:54 of 3rd period - Icing by Jeremy Gregoire.
9:55 of 3rd period - Joseph Gambardella wins face-off versus Ryan Olsen in Wild zone.
9:55 of 3rd period - Joseph Gambardella is hit by Matteson Iacopelli.
10:17 of 3rd period - Shot by Matteson Iacopelli.
10:17 of 3rd period - Shot Misses the Net.
11:22 of 3rd period - Shot by Lukas Jasek.
11:22 of 3rd period - Shot Hit the Post.
11:24 of 3rd period - Shot by Kasper Bjorkqvist.
11:24 of 3rd period - Stopped by Matthew Villalta without a rebound.
11:25 of 3rd period - Anthony Louis wins face-off versus Ryan Rupert in Stars zone.
11:30 of 3rd period - Shot by Anthony Louis.
11:30 of 3rd period - Shot Misses the Net.
11:32 of 3rd period - Shot by Ben Thomas.
11:32 of 3rd period - Stopped by Matthew Villalta without a rebound.
11:33 of 3rd period - Anthony Louis wins face-off versus Brad Morrison in Stars zone.
11:34 of 3rd period - Shot by Tanner Pearson.
11:34 of 3rd period - Shot Misses the Net.
11:48 of 3rd period - Shot by Macoy Erkamps.
11:48 of 3rd period - Stopped by Maxime Lagace without a rebound.
11:49 of 3rd period - Lukas Jasek wins face-off versus Ryan Olsen in Wild zone.
11:51 of 3rd period - Minor Penalty to Ryan Olsen for Hooking.
11:52 of 3rd period - Anthony Louis wins face-off versus Nicholas Caamano in Stars zone.
12:01 of 3rd period - Shot by Anders Bjork.
12:01 of 3rd period - Shot Misses the Net.
12:03 of 3rd period - Shot by Anders Bjork.
12:03 of 3rd period - Shot Blocked by Joseph Cecconi.
12:05 of 3rd period - Shot by Ben Gleason.
12:05 of 3rd period - Stopped by Matthew Villalta without a rebound.
12:06 of 3rd period - Joseph Gambardella wins face-off versus Nicholas Caamano in Stars zone.
12:31 of 3rd period - Shot by Taylor Raddysh.
12:31 of 3rd period - Shot Blocked by Nicolas Beaudin.
12:33 of 3rd period - Shot by Joseph Gambardella.
12:33 of 3rd period - Shot Misses the Net.
12:35 of 3rd period - Shot by Jalen Chatfield.
12:35 of 3rd period - Stopped by Matthew Villalta without a rebound.
12:36 of 3rd period - Nicholas Caamano wins face-off versus Anthony Louis in Stars zone.
12:36 of 3rd period - Nicholas Caamano is hit by Anders Bjork.
12:47 of 3rd period - Icing by Anthony Louis.
12:48 of 3rd period - Nicholas Caamano wins face-off versus Anthony Louis in Wild zone.
13:07 of 3rd period - Shot by Nicholas Caamano.
13:07 of 3rd period - Stopped by Maxime Lagace without a rebound.
13:08 of 3rd period - Hudson Elynuik wins face-off versus Joseph Gambardella in Wild zone.
13:39 of 3rd period - Shot by Joseph Gambardella.
13:39 of 3rd period - Shot Misses the Net.
13:41 of 3rd period - Shot by Taylor Raddysh.
13:41 of 3rd period - Shot Misses the Net.
13:43 of 3rd period - Shot by Jeremy Gregoire.
13:43 of 3rd period - Stopped by Matthew Villalta with a rebound.
13:54 of 3rd period - Icing by Anders Bjork.
13:55 of 3rd period - Ryan Olsen wins face-off versus Anthony Louis in Wild zone.
14:58 of 3rd period - Shot by Macoy Erkamps.
14:58 of 3rd period - Stopped by Maxime Lagace without a rebound.
14:59 of 3rd period - Brad Morrison wins face-off versus Joseph Gambardella in Wild zone.
16:04 of 3rd period - Icing by Ilya Lyubushkin.
16:05 of 3rd period - Lukas Jasek wins face-off versus Brad Morrison in Stars zone.
16:13 of 3rd period - Icing by Brad Morrison.
16:14 of 3rd period - Anthony Louis wins face-off versus Brad Morrison in Stars zone.
16:18 of 3rd period - Icing by Mathias Norlinder.
16:19 of 3rd period - Anthony Louis wins face-off versus Brad Morrison in Stars zone.
16:20 of 3rd period - Shot by Anders Bjork.
16:20 of 3rd period - Shot Misses the Net.
17:36 of 3rd period - Minor Penalty to Matteson Iacopelli for Tripping.
17:37 of 3rd period - Nicholas Caamano wins face-off versus Joseph Gambardella in Stars zone.
17:50 of 3rd period - Shot by Jeremy Gregoire.
17:50 of 3rd period - Goal by Jeremy Gregoire - Stars : 2 - Wild : 6.
17:51 of 3rd period - Michael Mersch wins face-off versus Ryan Olsen in neutral zone.
18:06 of 3rd period - Icing by Michael Mersch.
18:07 of 3rd period - Lukas Jasek wins face-off versus Ryan Rupert in Wild zone.
18:55 of 3rd period - Ryan Rupert is hit by Joseph Gambardella and loses puck.
Goals for this period are 0 for Stars vs 3 for Wild.
Shots for this period are 6 for Stars vs 15 for Wild.